 Dungeon Sprint DCSS version 0.31-a0-43-g46d131a48f (webtiles) character file.

Game seed: 14315216906199528493

819 bmack86 the Cleaver (level 7, 0/73 HPs)
             Began as a Minotaur Fighter on May 19, 2023.
             Was a Follower of Okawaru.
             Slain by a two-headed ogre
             ... wielding a +0 giant spiked club
              (16 damage)
             ... in the Dungeon (Sprint IX: "|||||||||||||||||||||||||||||").
             The game lasted 00:02:07 (195 turns).

bmack86 the Cleaver (Minotaur Fighter)               Turns: 195, Time: 00:02:08

Health: 0/73       AC: 14    Str: 25    XL:     7   Next: 63%
Magic:  7/9        EV:  8    Int:  5    God:    Okawaru [*.....]
Gold:   0          SH:  5    Dex: 13    Spells: 6/6 levels left

rFire   . . .        m - +1 broad axe (heavy)
rCold   . . .        c - +0 buckler
rNeg    . . .        o - +1 chain mail
rPois   .            (helmet restricted)
rElec   .            n - +0 cloak
rCorr   .            (no gloves)
SInv    .            (no boots)
Will    .....        (no amulet) Stlth
                     p - +3 ring of dexterity
HPRegen 0.32/turn    q - +3 ring of strength
MPRegen 0.11/turn

%: no teleportation
@: on berserk cooldown, slowed, very slow
A: horns 2, retaliatory headbutt
a: Renounce Religion, Heroism


You were in the Dungeon.
You worshipped Okawaru.
Okawaru was aware of your devotion.
You visited 1 branch

Inventory:

Hand Weapons
 a - a +0 war axe
 m - a +1 heavy broad axe (weapon)
Armour
 b - a +0 scale mail
 c - a +0 buckler (worn)
 n - a +0 cloak (worn)
 o - a +1 chain mail (worn)
Jewellery
 p - a +3 ring of dexterity (left hand)
 q - a +3 ring of strength (right hand)
Wands
 l - a wand of roots (10)
Scrolls
 j - 2 scrolls of blinking
 k - 2 scrolls of amnesia
Potions
 d - a potion of invisibility
 e - 4 potions of curing
 f - 2 potions of heal wounds
 g - a potion of haste
 h - 4 potions of magic


   Skills:
 + Level 10.4 Fighting
 * Level 13.7 Axes
 + Level 10.3 Armour
 - Level 3.6 Shields
 + Level 4.5 Invocations


You had 6 spell levels left.
You didn't know any spells.
Your spell library was empty.

Dungeon Overview and Level Annotations

Branches:
Dungeon (1/1)

Altars:
Cheibriados
Dithmenos
Elyvilon
Fedhas
Gozag
Hepliaklqana
Kikubaaqudgha
Makhleb
Nemelex Xobeh
Okawaru
Qazlal
Ru
Sif Muna
Trog
Uskayaw
Vehumet
Wu Jian
Xom
Yredelemnul
Zin
The Shining One
Jiyva
Lugonu


Innate Abilities, Weirdness & Mutations

You have a pair of horns on your head.
You reflexively headbutt those who attack you in melee.


Message History

Your Invocations skill increases to level 3!
You have reached level 7!
You hit the acid dragon but do no damage.
The acid dragon bites you but does no damage.
The acid dragon closely misses you. The acid dragon spits acid at you.
The splash of acid hits you!
* * * LOW HITPOINT WARNING * * *
You slash the acid dragon!
The acid dragon is heavily wounded.
The acid dragon bites you but does no damage.
You block the acid dragon's attack. The acid dragon barely misses you.
You block the acid dragon's attack. The acid dragon bites you.
* * * LOW HITPOINT WARNING * * *
The acid dragon claws you but does no damage.
You feel much better. The acid dragon barely misses you.
The acid dragon closely misses you.
You slice the acid dragon like a ripe choko!!!
You kill the acid dragon!
Okawaru accepts your kill. The yak closely misses you.
Your Fighting skill increases to level 10!
Your Axes skill increases to level 13!
Your Armour skill increases to level 10!
You slice the yak!! Your headbutt misses the yak.
The yak is almost dead.
The yak gores you but does no damage. The yak gores you!
You slice the yak!!
You kill the yak!
Okawaru is honoured by your kill.
You can now gain great but temporary skills.
The two-headed ogre closely misses you.
The two-headed ogre hits you with a +0 giant spiked club!
* * * LOW HITPOINT WARNING * * *
Your Invocations skill increases to level 4!
You slice the two-headed ogre!!
The two-headed ogre is heavily wounded.
You block the two-headed ogre's attack.
The two-headed ogre hits you with a +0 giant spiked club!
You die...

▓)▓
▓.▓
▓.▓
▓[▓
▓.▓
▓.▓
▓.▓
▓'▓
▓@▓
▓O▓
▓.▓
▓.▓
▓.▓
▓.▓
▓+▓


You could see a two-headed ogre.

Vanquished Creatures
  A yak (D)
  An acid dragon (D)
  A water moccasin (D)
  2 orc warriors (D)
  2 black bears (D)
  A gnoll sergeant (D)
  A hound (D)
  An adder (D)
  A giant cockroach (D)
  2 ball pythons (D)
  A bat (D)
  A kobold (D)
15 creatures vanquished.

Notes
Turn   | Place    | Note
-------+----------+-------------------------------------------
     0 | D        | bmack86 the Minotaur Fighter began the quest for the Orb.
     0 | D        | Reached XP level 1. HP: 19/19 MP: 0/0
     7 | D        | Reached skill level 3 in Axes
    21 | D        | Noticed a hound
    21 | D        | Noticed a black bear
    21 | D        | Noticed a black bear
    21 | D        | Noticed a water moccasin
    24 | D        | Killed a hound
    25 | D        | Reached skill level 5 in Fighting
    25 | D        | Reached skill level 5 in Axes
    25 | D        | Reached skill level 5 in Armour
    25 | D        | Reached XP level 2. HP: 29/29 MP: 1/1
    25 | D        | Reached XP level 3. HP: 36/36 MP: 2/2
    28 | D        | Killed a black bear
    29 | D        | Reached skill level 8 in Axes
    29 | D        | Reached XP level 4. HP: 39/45 MP: 3/3
    30 | D        | Killed a black bear
    31 | D        | Reached skill level 10 in Axes
    31 | D        | Reached XP level 5. HP: 41/53 MP: 4/4
    39 | D        | Killed a water moccasin
    40 | D        | Reached skill level 11 in Axes
    40 | D        | Reached XP level 6. HP: 21/62 MP: 5/5
    48 | D        | Found a snail-covered altar of Cheibriados.
    48 | D        | Found a shadowy altar of Dithmenos.
    48 | D        | Found a white marble altar of Elyvilon.
    48 | D        | Found a blossoming altar of Fedhas.
    48 | D        | Found an opulent altar of Gozag.
    49 | D        | Found a hazy altar of Hepliaklqana.
    50 | D        | Found a viscous altar of Jiyva.
    51 | D        | Found an ancient bone altar of Kikubaaqudgha.
    52 | D        | Found a corrupted altar of Lugonu.
    53 | D        | Found a burning altar of Makhleb.
    54 | D        | Found a sparkling altar of Nemelex Xobeh.
    55 | D        | Found an iron altar of Okawaru.
    56 | D        | Found a stormy altar of Qazlal.
    57 | D        | Found a sacrificial altar of Ru.
    58 | D        | Found a shimmering blue altar of Sif Muna.
    59 | D        | Found a bloodstained altar of Trog.
    60 | D        | Found a hide-covered altar of Uskayaw.
    61 | D        | Found a radiant altar of Vehumet.
    62 | D        | Found an ornate altar of the Wu Jian Council.
    63 | D        | Became a worshipper of Warmaster Okawaru
    64 | D        | Found a shimmering altar of Xom.
    65 | D        | Found a basalt altar of Yredelemnul.
    66 | D        | Found a glowing silver altar of Zin.
    67 | D        | Found a glowing golden altar of the Shining One.
   176 | D        | Noticed an orc warrior
   176 | D        | Noticed an orc warrior
   176 | D        | Noticed an acid dragon
   176 | D        | Noticed a yak
   176 | D        | Noticed a two-headed ogre
   181 | D        | Reached skill level 1 in Invocations
   183 | D        | Killed an orc warrior
   184 | D        | Reached skill level 12 in Axes
   188 | D        | Killed an orc warrior
   189 | D        | Reached XP level 7. HP: 26/71 MP: 6/8
   193 | D        | Reached skill level 10 in Fighting
   193 | D        | Reached skill level 13 in Axes
   193 | D        | Reached skill level 10 in Armour
   194 | D        | Killed a yak
   194 | D        | Reached * piety under Okawaru
   195 | D        | Slain by a two-headed ogre

Illustrated notes

Levels and vault maps discovered:
D:        linesprint [early_d, line_temple, items_1, d_10, items_2, lair_1,
          lair_end, items_3, orc_1, orc_end, items_4, d_15, swamp_1, shoals_1,
          snake_1, spider_1, d_20, vaults_1, items_5, swamp_end, shoals_end,
          snake_end, spider_end, vaults_end, d_27, items_6, zot_1, zot_end,
          crypt_end, forest_end, elf_end, slime_end, tomb_end, abyss_end,
          pan_hell_end]

Skill      XL: |  1  2  3  4  5  6  7 |
---------------+----------------------+-----
Axes           | 5 8 10 11 12 13 | 13.7
Fighting       | 5 6 7 8 9 10 | 10.4
Armour         | 5 6 7 8 9 10 | 10.3
Invocations    | 3 4 |  4.5
Shields        | |  3.6

Action                     |  1- 3 |  4- 6 |  7- 9 || total
---------------------------+-------+-------+-------++-------
  Melee: War axe           |    17 |    12 |       ||    29
         Headbutt          |     2 |     3 |       ||     5
         Broad axe         |       |     9 |     6 ||    15
    Use: Potion            |     1 |     2 |     1 ||     4
 Armour: Scale mail        |    13 |     3 |       ||    16
         Chain mail        |       |     1 |     4 ||     5
  Dodge: Dodged            |     8 |     7 |     6 ||    21
  Block: Buckler           |    11 |     2 |     3 ||    16

Table legend: (Time is in decaauts)
 A = Elapsed time spent in this place.
 B = Non-inter-level travel time spent in this place.
 C = Inter-level travel time spent in this place.
 D = Time resting spent in this place.
 E = Time spent auto-exploring this place.
 F = Levels seen in this place.
 G = Mean time per level.
                   A        B        C        D        E       F      G
               +--------+--------+--------+--------+--------+-----+--------+
         Total |    209 |    209 |      0 |     66 |      0 |   1 |  209.0 |
       Dungeon |    209 |    209 |      0 |     66 |      0 |   1 |  209.0 |
               +--------+--------+--------+--------+--------+-----+--------+

Top non-repeatable levels by time:
       D: 209 daAuts
